 Dungeon Crawl Stone Soup version 0.26-a0-415-g2a9615731a (webtiles) character file.

Game seed: 16933320200047890561

1201 KristoblXynda the Ruffian (level 8, 0/80 HPs)
             Began as a Troll Monk on July 25, 2020.
             Slain by a sky beast (5 damage)
             ... on level 5 of the Dungeon.
             The game lasted 00:05:03 (2804 turns).

KristoblXynda the Ruffian (Troll Monk)              Turns: 2804, Time: 00:05:04

Health: 0/80       AC:  7    Str: 20    XL:     8   Next: 21%
Magic:  7/7        EV: 12    Int:  8    God:
Gold:   323        SH:  0    Dex: 12    Spells: 7/7 levels left

rFire    . . .     SeeInvis .     - Unarmed
rCold    + . .     Faith    .   (no shield)
rNeg     . . .     Spirit   .   a - +1 robe
rPois    +         Reflect  .   (helmet restricted)
rElec    .         Harm     .   (no cloak)
rCorr    .                      (gloves unavailable)
MR       .....                  (boots unavailable)
Stlth    ++........             (no amulet)
HPRegen  0.63/turn              o - ring of protection from cold
MPRegen  0.10/turn              k - ring of poison resistance

@: no status effects
A: large, unfitting armour, claws 3, regeneration 1, shaggy fur 1, tough skin 3
a: no special abilities


You were on level 5 of the Dungeon.
You visited 1 branch of the dungeon, and saw 7 of its levels.

You collected 323 gold pieces.

Inventory:

Armour
 a - a +1 robe (worn)
Jewellery
 k - a ring of poison resistance (right claw)
 o - a ring of protection from cold (left claw)
Wands
 n - a wand of random effects (19)
Scrolls
 b - a scroll of amnesia
 i - a scroll of enchant armour
 j - a scroll of remove curse
 m - a scroll of immolation
Potions
 d - 3 potions of curing
 f - 2 potions of invisibility
 l - 2 potions of resistance
 p - a potion of lignification


   Skills:
 + Level 5.3 Fighting
 + Level 5.3 Dodging
 - Level 1.0 Stealth
 + Level 6.4 Unarmed Combat


You had 7 spell levels left.
You didn't know any spells.
Your spell library contained the following spells:

 Spells                   Type           Power        Failure   Level
 Shock                    Conj/Air       #...         41%         1
 Swiftness                Air            #.......     54%         2
 Static Discharge         Conj/Air       #.......     78%         3
 Airstrike                Air            #.........   99%         4
 Lightning Bolt           Conj/Air       #.........   100%        5


Dungeon Overview and Level Annotations

Branches:
Dungeon (7/15)
 Temple: D:4-7

Altars:
Sif Muna

Shops:
D:7 *


Innate Abilities, Weirdness & Mutations

You are too large for most types of armour.
You have claws for hands.
Your natural rate of healing is unusually fast.
You are covered in fur. (AC +1)
You have extremely tough skin. (AC +3)


Message History

The orc barely misses you.
There is a stone staircase leading down here.
You scratch the orc.
You kill the orc!
There is a stone staircase leading down here.
You see here a +0 hand axe.
The sky beast flickers out of sight!
Deactivating autopickup; reactivate with Ctrl-A.
A sky beast appears from thin air!
Reactivating autopickup.
You barely miss the sky beast.
The sky beast flickers out of sight!
Deactivating autopickup; reactivate with Ctrl-A.
Something hits you.
* * * LOW HITPOINT WARNING * * *
Something shocks you.
* * * LOW HITPOINT WARNING * * *
You claw something! Something hits you.
* * * LOW HITPOINT WARNING * * *
Something shocks you.
You die...

############
#......@{..#
#+########.#
#.# #.# #.#
#.# #.# #.#
.$#.###)#


There were no monsters in sight!

Vanquished Creatures
  A cyclops (D:7)
  Grinder (D:4)
  2 bullfrogs (D:7)
  A big kobold (D:7)
  A wight (D:6)
  2 orc priests (D:3)
  3 orc wizards
  Ijyb (D:4)
  Natasha (twice) (D:2)
  An iguana (D:3)
  A worker ant (D:6)
  A killer bee zombie (D:3)
  4 adders
  A shadow imp (D:7)
  A worm (D:3)
  2 dart slugs
  12 orcs
  A ball python (D:2)
  A giant cockroach (D:2)
  5 goblins
  5 hobgoblins
  8 jackals
  2 quokkas
  9 bats
  3 frilled lizards
  3 kobolds
  A leopard gecko skeleton (D:4)
  5 rats
80 creatures vanquished.

Vanquished Creatures (others)
  5 fungi (D:3)
  5 toadstools (D:3)
10 creatures vanquished.

Grand Total: 90 creatures vanquished

Notes
Turn   | Place    | Note
-------+----------+-------------------------------------------
     0 | D:1      | KristoblXynda the Troll Monk began the quest for the Orb.
     0 | D:1      | Reached XP level 1. HP: 22/22 MP: 0/0
   246 | D:1      | Reached XP level 2. HP: 26/29 MP: 1/1
   799 | D:2      | Found a shimmering blue altar of Sif Muna.
   809 | D:2      | Reached XP level 3. HP: 36/36 MP: 2/2
   999 | D:2      | Reached XP level 4. HP: 42/45 MP: 3/3
  1044 | D:2      | Noticed Natasha
  1048 | D:2      | Killed Natasha
  1146 | D:2      | Noticed Natasha
  1151 | D:2      | Killed Natasha
  1151 | D:2      | Reached skill level 4 in Unarmed Combat
  1402 | D:2      | Reached XP level 5. HP: 52/53 MP: 4/4
  1797 | D:3      | Reached XP level 6. HP: 44/62 MP: 5/5
  2277 | D:4      | Noticed Grinder
  2294 | D:4      | Paralysed by Grinder for 6 turns
  2305 | D:4      | Killed Grinder
  2305 | D:4      | Reached skill level 5 in Unarmed Combat
  2360 | D:4      | Noticed Ijyb
  2370 | D:4      | Killed Ijyb
  2370 | D:4      | Reached XP level 7. HP: 68/70 MP: 6/6
  2433 | D:4      | Found Diazar's Antique Weapon Boutique.
  2457 | D:4      | You fall into a shaft and drop 3 floors!
  2457 | D:7      | Found Begul's General Store.
  2558 | D:7      | Noticed a four-headed hydra
  2558 | D:7      | Noticed a cyclops
  2578 | D:7      | Killed a cyclops
  2578 | D:7      | Reached skill level 5 in Fighting
  2578 | D:7      | Reached skill level 5 in Dodging
  2578 | D:7      | Reached skill level 6 in Unarmed Combat
  2578 | D:7      | Reached XP level 8. HP: 6/80 MP: 7/7
  2781 | D:6      | HP: 4/80 [orc warrior/+0 glaive (7)]
  2784 | D:6      | HP: 1/80 [orc wizard/magic dart (4)]
  2787 | D:5      | Entered Level 5 of the Dungeon
  2804 | D:5      | Slain by a sky beast

Illustrated notes

Levels and vault maps discovered:
D:1:      minmay_arrival_cross, layout_loops_corners, kennysheep_boxes
D:2:      layout_loops_ring, nicolae_overflow_crystal_walls, kennysheep_path_1,
          uniq_natasha
D:3:      layout_rooms, hangedman_decor_riveting, minmay_gold_behind_fungi
D:4:      layout_basic, serial_shops, kennysheep_mini, minmay_three_crescents,
          uniq_edmund, uniq_grinder, uniq_ijyb, uniq_sigmund
D:5:      layout_basic, roderic_batcave
D:6:      layout_rooms, vehumet_statue, minmay_temple_entry_wispy,
          ebering_ghost_sewer_d
D:7:      minmay_the_grid_plus_closed [minmay_the_grid_minigrid_small,
          minmay_the_grid_doors, minmay_the_grid_stretched_grid,
          minmay_the_grid_diamond_grid,
          minmay_the_grid_prize_four_corners_diamond_b], layout_basic,
          lemuel_doored_altar, basic_altar, serial_shops, kennysheep_little_box,
          uniq_prince_ribbit1, uniq_menkaure, uniq_crazy_yiuf_cottage

Skill      XL: |  1  2  3  4  5  6  7 |
---------------+----------------------+-----
Fighting       | 3 4 5 |  5.3
Dodging        | 3 4 5 |  5.3
Unarmed Combat | 4 5 6 |  6.4
Stealth        | |  1.0

Action                   |  1- 3 |  4- 6 |  7- 9 || total
-------------------------+-------+-------+-------++-------
Melee: Unarmed           |    71 |   129 |    71 ||   271
       Punch             |     1 |     3 |     4 ||     8
  Use: Scroll            |       |     5 |     7 ||    12
       Potion            |       |       |     1 ||     1
 Stab: Sleeping          |     2 |       |       ||     2
       Distracted        |       |     1 |       ||     1
Armor: Robe              |    57 |    42 |    14 ||   113
Dodge: Dodged            |    49 |    69 |    43 ||   161

Table legend: (Time is in decaauts)
 A = Elapsed time spent in this place.
 B = Non-inter-level travel time spent in this place.
 C = Inter-level travel time spent in this place.
 D = Time resting spent in this place.
 E = Time spent auto-exploring this place.
 F = Levels seen in this place.
 G = Mean time per level.
                   A        B        C        D        E       F      G
               +--------+--------+--------+--------+--------+-----+--------+
         Total |   2814 |   2740 |     74 |    258 |   1611 |   7 |  402.0 |
       Dungeon |   2814 |   2740 |     74 |    258 |   1611 |   7 |  402.0 |
               +--------+--------+--------+--------+--------+-----+--------+

Top non-repeatable levels by time:
     D:2: 878 daAuts
     D:1: 810 daAuts
     D:3: 521 daAuts
     D:4: 265 daAuts
     D:7: 183 daAuts
     D:6: 137 daAuts
     D:5: 16 daAuts
